cohdb
Replays
Latest Replays
All Replays
Popular Replays
Top Player Replays
Match Explorer
How It Works
Community
CoH3 Stats
Reddit
Sign in to upload your games and track your stats! →
Sign in with Steam
Match 45822027
Unlisted
Match 45822027
Overview
Messages
Build Orders
End
Construct Infanterie Kompanie
Selects Terror Battlegroup
Selects Machine Gun Camouflage
MG 42 Machine Gun Team
MG 42 Machine Gun Team
Grenadier Squad
GrW 34 Mortar Team
Construct Panzergrenadier Kompanie
Pak 40 Anti-tank Gun Team
Panzergrenadier Squad
Medical Bunker
Construct Panzer Kompanie
Stoßtruppen Squad
Panzer IV Medium Tank
Selects Defend the Fatherland
Panzer IV Medium Tank
Side Skirts
Grenadier Squad
Pak 40 Anti-tank Gun Team
Panzergrenadier Officer Quarters
Duffman™
Anhangá
Rolling9Deep
STALKER4732
kit.ohume
Devochkin
0
0
Comments
sign in to comment!
No comments posted yet!